 Dungeon Crawl Stone Soup version 0.28.0-47-ge53b351184 (webtiles) character file.

Game seed: 8737924852163122336

50 NinjaNoafa the Ruffian (level 3, 0/36 HPs)
             Began as a Troll Fighter on May 4, 2022.
             Succumbed to an orc wizard's poison
             ... on level 3 of the Dungeon.
             The game lasted 00:02:28 (1378 turns).

NinjaNoafa the Ruffian (Troll Fighter)              Turns: 1378, Time: 00:02:29

Health: 0/36       AC:  6    Str: 26    XL:     3   Next: 55%
Magic:  2/2        EV:  8    Int:  4    God:
Gold:   67         SH:  7    Dex:  9    Spells: 2/2 levels left

rFire   + . .      SeeInvis .     - Unarmed
rCold   + . .      Faith    .   b - +0 kite shield
rNeg    . . .      Spirit   .   a - +0 robe
rPois   +          Reflect  .   (helmet restricted)
rElec   +          Harm     .   (no cloak)
rCorr   +          Rampage  .   (gloves unavailable)
Will    .....                   (boots unavailable)
Stlth   +.........              (no amulet)
HPRegen 0.92/turn               (no ring)
MPRegen 0.08/turn               (no ring)

@: mighty, lethally poisoned (0 -> -3), resistant, studying Translocations
A: large, unfitting armour, claws 3, regeneration 1, shaggy fur 1, tough skin 1,
iridescent scales 1
a: no special abilities


You were on level 3 of the Dungeon.
You visited 1 branch of the dungeon, and saw 3 of its levels.

You collected 67 gold pieces.

Inventory:

Missiles
 d - 5 boomerangs (quivered)
Armour
 a - a +0 robe (worn)
 b - a +0 kite shield (worn)
Wands
 i - a wand of acid (8)


   Skills:
 - Level 2.7 Fighting
 - Level 2.7 Dodging
 - Level 2.7 Shields
 - Level 2.8 Unarmed Combat
 + Level 0.4 Evocations


You had 2 spell levels left.
You didn't know any spells.
Your spell library contained the following spells:

 Spells                   Type           Power      Damage    Failure   Level
 Animate Skeleton         Necr           0%         N/A       80%         1
 Apportation              Tloc           0%         N/A       80%         1
 Summon Small Mammal      Summ           0%         N/A       80%         1
 Call Canine Familiar     Summ           0%         N/A       99%         3
 Portal Projectile        Hex/Tloc       0%         N/A       99%         3
 Leda's Liquefaction      Hex/Erth       0%         N/A       100%        4


Dungeon Overview and Level Annotations

Branches:
Dungeon (3/15)

Altars:


Innate Abilities, Weirdness & Mutations

You are too large for most types of armour.
You have claws for hands.
Your natural rate of healing is unusually fast.
You are covered in fur. (AC +1)
You have tough skin. (AC +1)
You are partially covered in iridescent scales. (AC +2)


Message History

* * * LOW HITPOINT WARNING * * *
The orc closely misses you.
You feel much better. The bat hits you. You block the bat's attack.
You block the ufetubus's attack.
The ufetubus hits you but does no damage.
The orc hits you from afar with a +0 trident.
The ufetubus hits you but does no damage.
The ufetubus hits you.
You feel very mighty all of a sudden. The bat hits you but does no damage.
The bat barely misses you. The ufetubus hits you.
You block the ufetubus's attack. The orc hits you with a +0 hand axe.
You block the orc's attack.
You hear some strange, mumbled words.
A magic dart appears from out of thin air!
The magic dart hits you!
* * * LOW HITPOINT WARNING * * *
The goblin shouts!
You scratch something.
The bat's inner flame fades away.
You block the bat's attack. The ufetubus barely misses you.
The ufetubus closely misses you. The goblin hits you but does no damage.
You block the orc's attack. The bat hits you but does no damage.
The orc hits you but does no damage. Something hits you.
* * * LOW HITPOINT WARNING * * *
You are poisoned.
The ufetubus hits you.
* * * LOW HITPOINT WARNING * * *
The ufetubus hits you but does no damage.
You closely miss the bat.
You feel very sick. The bat hits you but does no damage.
The goblin barely misses you. You block the ufetubus's attack.
The ufetubus barely misses you. You block the orc's attack. The bat hits you.
* * * LOW HITPOINT WARNING * * *
The orc hits you from afar with a +0 trident.
* * * LOW HITPOINT WARNING * * *
Something hits you.
* * * LOW HITPOINT WARNING * * *
You claw the bat!
You kill the bat!
You die...

#.#.##.......#
#...#####.#.##
##..#####..#.#
##.......†....#
##....###.######
#.###....####.#
#.....gg......#
#S.#.Sg{5o.####
..#..##@o#.#
g...# #†##.#
.### #..# ..
#... .. .... #.
######


You could see 2 orcs, an ufetubus, a hobgoblin (inner flame), 2 goblins and a
ball python.

Vanquished Creatures
  A worm (D:2)
  A dart slug (D:3)
  3 ball pythons
  4 bats
  8 endoplasms
  A giant cockroach (D:2)
  5 goblins (D:1)
  5 hobgoblins
  3 quokkas
  3 frilled lizards
  3 kobolds (D:1)
  4 rats
41 creatures vanquished.

Notes
Turn   | Place    | Note
-------+----------+-------------------------------------------
     0 | D:1      | NinjaNoafa the Troll Fighter began the quest for the Orb.
     0 | D:1      | Reached XP level 1. HP: 22/22 MP: 0/0
   147 | D:1      | Reached XP level 2. HP: 29/29 MP: 1/1
   505 | D:1      | Reached XP level 3. HP: 31/36 MP: 2/2
   870 | D:2      | Found a faded altar of an unknown god.
  1369 | D:3      | Gained mutation: You are partially covered in iridescent
                  | scales. (AC +2) [potion of mutation]
  1377 | D:3      | HP: 1/36 [something (3)]
  1378 | D:3      | Succumbed to an orc wizard's poison

Illustrated notes

Levels and vault maps discovered:
D:1:      eino_arrival_druids_welcome, layout_basic, minmay_pentomino_t4
D:2:      layout_loops_ring, hellmonk_ecumenical_altar_arch_garden
D:3:      layout_rooms, portal_sewer_entry_e

Action                   || total
-------------------------++-------
Melee: Unarmed           ||    76
Throw: Boomerang         ||    17
  Use: Potion            ||     4
       Scroll            ||     3
 Stab: Sleeping          ||     1
Armor: Robe              ||    34
Dodge: Dodged            ||    39
Block: Kite shield       ||    45
